 Dungeon Crawl Stone Soup version 0.15-a0-2232-g756d4b8 (webtiles) character file.

33 MackTheKnife the Ruffian (level 3, 0/31 HPs)
             Began as a Ghoul Monk on July 25, 2014.
             Killed from afar by Sigmund (4 damage)
             ... with a puff of flame
             ... on Level 2 of the Dungeon.
             The game lasted 00:03:19 (1583 turns).

MackTheKnife the Ruffian (Ghoul Monk)               Turns: 1583, Time: 00:03:19

HP   0/31        AC  2     Str 14      XL: 3   Next: 29%
MP   3/3         EV 12     Int  8 (10) God:
Gold 61          SH  0     Dex 12      Spells:  0 memorised,  2 levels left

rFire  . . .     SeeInvis .       - Unarmed
rCold  + . .     Clarity  .     a - +0 robe
rNeg   + + +     rCorr    .     (no shield)
rPois  +         rRot     +     (no helmet)
rElec  .         Spirit   .     (no cloak)
SustAb .         Warding  .     (no gloves)
rMut   .         Stasis   .     (no boots)
Saprov + + +                    (no amulet)
MR     .....                    (no ring)
                                (no ring)

@: confused, brilliant, rotting, not resistant to hostile enchantments, very
unstealthy
A: rotting body, claws 1, carnivore 3, cold resistance 1, negative energy
resistance 3, poison resistance, saprovore 3, slow healing 1, torment
resistance, unbreathing
a: no special abilities


You were on level 2 of the Dungeon.
You were not hungry.

You visited 1 branch of the dungeon, and saw 2 of its levels.

You collected 61 gold pieces.


Innate Abilities, Weirdness & Mutations

Your body is rotting away.
You have sharp fingernails.
You are carnivorous and can eat meat at any time.
Your flesh is cold resistant.
You are immune to negative energy.
Your system is resistant to poisons.
You thrive on rotten meat.
You heal slowly when monsters are visible.
You are immune to unholy pain and torment.
You can survive without breathing.


   Skills:
 - Level 3.2 Fighting
 - Level 2.6 Dodging
 - Level 2.1 Stealth
 + Level 5.5 Unarmed Combat


You had 2 spell levels left.
You didn't know any spells.

Inventory:

Armour
 a - a +0 robe (worn)
Comestibles
 b - a beef jerky
 k - a meat ration
Scrolls
 d - 3 scrolls of remove curse {unknown}
 f - a scroll of teleportation {unknown}
 g - a scroll of enchant armour {unknown}
 h - a scroll of blinking {unknown}
 i - a scroll of random uselessness {unknown}

▒·▒▒▒·▒▒·▒▒
·····@· ▒·····▒
▒········▒ ·····
▒····▒▒ ▒▒▒▒▒·▒▒▒▒
)·· ▒·▒·▒▒▒ ▒·▒
▒@▒ ▒······ ▒·▒
▒·▒ ▒▒▒·▒▒▒ ▒·▒
▒▒▒ ▒·▒ ▒·▒
▒·▒▒▒▒▒▒▒▒·▒▒▒·▒▒
▒·▒
▒···········▒s··▒▒
▒·▒
▒▒▒▒▒▒▒▒▒▒··n····▒
▒·▒ ▒▒▒▒···▒▒▒▒▒▒▒
▒·▒ ▒▒·········
··▒ ▒·▒▒▒▒▒▒▒▒ ▒▒▒
▒·▒ ▒·▒ ▒·▒ ▒·▒
▒·▒


You could see a giant cockroach.


Message History

Sigmund barely misses you.
You barely miss Sigmund.
Sigmund is heavily wounded.
You scratch Sigmund.
Sigmund is severely wounded.
Sigmund points at you and mumbles some strange words.
You are confused.
Drink which item? (? for menu, Esc to quit)
You feel much better.
Sigmund mumbles some strange words.
Sigmund flickers and vanishes!
Deactivating autopickup; reactivate with Ctrl-A.
Ouch! You miss something.
Ouch! You hear some strange, mumbled words.
You are more confused.
You scratch something but do no damage.
You hear some strange, mumbled words.
The magic dart hits you!
You hear some strange, mumbled words.
A puff of flame appears from out of thin air!
The puff of flame hits you!
* * * LOW HITPOINT WARNING * * *
Ouch! Something hits you!
* * * LOW HITPOINT WARNING * * *
You hear some strange, mumbled words.
A puff of flame appears from out of thin air!
The puff of flame hits you!
You die...

Action                   || total
-------------------------++-------
Melee: Unarmed           ||    81
  Use: Potion            ||     4
  Eat: Chunk             ||     4

Vault maps used:
D:1:      lordsloth_arrival_two_stooges
D:2:      first_bread, uniq_sigmund

Notes
Turn   | Place    | Note
--------------------------------------------------------------
     0 | D:1      | MackTheKnife, the Ghoul Monk, began the quest for the Orb.
     0 | D:1      | Reached XP level 1. HP: 19/19 MP: 1/1
   409 | D:1      | Reached XP level 2. HP: 23/26 MP: 2/2
   495 | D:1      | Reached skill level 5 in Unarmed Combat
  1055 | D:2      | Reached XP level 3. HP: 28/28 MP: 3/3
  1558 | D:2      | Noticed Sigmund
  1583 | D:2      | Killed from afar by Sigmund

Vanquished Creatures
  A worm (D:2)
  A giant gecko (D:1)
  2 giant cockroaches (D:2)
  2 goblins (D:1)
  5 hobgoblins (D:1)
  6 bats
  A giant newt (D:1)
  4 kobolds (D:1)
  6 rats
28 creatures vanquished.
